 Dungeon Crawl Stone Soup version 0.26.0-16-gc1dbca0489 (webtiles) character file.

Game seed: 3898036347690209301

453 Gauvater the Covered (level 7, -2/54 HPs)
             Began as a Formicid Fighter on Jan 17, 2021.
             Was a Believer of Zin.
             Splashed by Ijyb's acid (15 damage)
             ... on level 5 of the Dungeon.
             The game lasted 00:17:13 (4560 turns).

Gauvater the Covered (Formicid Fighter)             Turns: 4560, Time: 00:17:13

Health: -2/54      AC:  0    Str: 23    XL:     7   Next: 26%
Magic:  17/17      EV:  9    Int:  7    God:    Zin [**....]
Gold:   248        SH: 10    Dex: 10    Spells: 6/6 levels left

rFire    + . .     SeeInvis +   u - +1 battleaxe
rCold    x . .     Faith    .   c - +0 kite shield
rNeg     . . .     Spirit   .   y - +0 ring mail (curse)
rPois    .         Reflect  .   (helmet unavailable)
rElec    .         Harm     .   (no cloak)
rCorr    .         Rampage  .   (no gloves)
Will     .....                  j - +0 pair of boots
Stlth    +.........             (no amulet)
HPRegen  0.18/turn              n - ring of magical power
MPRegen  0.15/turn              B - ring of fire

@: corroded
A: permanent stasis, dig shafts and tunnels, four strong arms, antennae 3
a: Dig, Shaft Self, Renounce Religion, Recite, Vitalisation, Donate Gold


You were on level 5 of the Dungeon.
You worshipped Zin.
Zin was pleased with you.
You visited 2 branches of the dungeon, and saw 6 of its levels.

You collected 275 gold pieces.
You donated 27 gold pieces to Zin.

Inventory:

Hand Weapons
 a - a +0 war axe
 u - a +1 battleaxe (weapon)
Missiles
 d - 4 boomerangs (quivered)
 e - 48 arrows
 f - 63 stones
 h - 80 bolts
 i - 55 sling bullets
 v - 4 javelins
Armour
 b - a +0 scale mail
 c - a +0 kite shield (worn)
 j - a +0 pair of boots (worn)
 y - a cursed +0 ring mail (worn)
Jewellery
 n - a ring of magical power (left hand)
 B - a ring of fire (right hand)
Wands
 D - a wand of paralysis (8)
Scrolls
 g - a scroll of blinking
 k - a scroll of immolation
 x - a scroll of amnesia
 A - a scroll of enchant armour {unknown}
 E - 2 scrolls of teleportation {unknown}
Potions
 l - a potion of mutation {unknown}
 m - 2 potions of flight
 p - a potion of heal wounds
 r - 2 potions of haste
 s - 4 potions of curing
 t - a potion of invisibility {unknown}
 w - a potion of attraction {unknown}
 z - a potion of brilliance {unknown}


   Skills:
 * Level 4.2 Fighting
 + Level 4.7 Axes
 + Level 0.9 Throwing
 + Level 5.0 Armour
 + Level 0.8 Dodging
 + Level 0.2 Stealth
 + Level 4.7 Shields
 * Level 1.5 Invocations


You had 6 spell levels left.
You didn't know any spells.
Your spell library contained the following spells:

 Spells                   Type           Power        Failure   Level
 Magic Dart               Conj           0%           87%         1
 Call Imp                 Summ           0%           95%         2
 Slow                     Hex            0%           95%         2
 Conjure Flame            Conj/Fire      0%           99%         3
 Mephitic Cloud           Conj/Pois/Air  0%           99%         3
 Blink                    Tloc           Unusable     N/A         2

Dungeon Overview and Level Annotations

Branches:
Dungeon (5/15)             Temple (1/1) D:4

Altars:
Ashenzari
Cheibriados
Dithmenos
Elyvilon
Fedhas
Gozag
Kikubaaqudgha
Makhleb
Nemelex Xobeh
Qazlal
Ru
Trog
Vehumet
Wu Jian
Xom
Zin

Annotations:
D:5 Ijyb


Innate Abilities, Weirdness & Mutations

You cannot be hasted, slowed, berserked, paralysed or teleported.
You can dig through walls and to a lower floor.
Your four strong arms can wield two-handed weapons with a shield.
You have a pair of large antennae on your head. (SInv)


Message History

You are splashed with acid!
* * * LOW HITPOINT WARNING * * *
Ijyb struggles against the net.
You feel much better.
Ijyb struggles against the net.
Ijyb struggles against the net.
You slash Ijyb!
Ijyb is severely wounded.
Ijyb struggles against the net.
The net rips apart, and Ijyb comes free!
Ijyb barely misses you.
You hit Ijyb.
Ijyb is almost dead.
You block Ijyb's attack.
You closely miss Ijyb.
Ijyb is almost dead.
Ijyb zaps a wand.
The bolt of acid hits you!!
* * * LOW HITPOINT WARNING * * *
The acid corrodes you!
You are splashed with acid!
You die...

## ## #.#
#.#
#g#.##.#
#.@....#
##.#####
#.# #.#
####.####
#.......#
#.##.##.#
### #
#.##.#
#.# #
#.##.#


You could see Ijyb.

Vanquished Creatures
  2 orc priests
  3 hounds
  A jelly (D:3)
  2 orc wizards (D:3)
  An iguana (D:4)
  A worker ant (D:4)
  A hound skeleton (D:4)
  4 adders
  An adder skeleton (D:4)
  2 worms
  3 dart slugs
  2 leopard geckos
  20 orcs
  7 ball pythons
  2 giant cockroaches
  7 goblins
  5 hobgoblins
  7 jackals (D:1)
  A quokka (D:4)
  7 bats
  7 frilled lizards (D:1)
  5 kobolds
  A quokka skeleton (D:4)
  3 rats
95 creatures vanquished.

Notes
Turn   | Place    | Note
-------+----------+-------------------------------------------
     0 | D:1      | Gauvater the Formicid Fighter began the quest for the Orb.
     0 | D:1      | Reached XP level 1. HP: 18/18 MP: 1/1
   161 | D:1      | Reached XP level 2. HP: 18/24 MP: 2/2
   442 | D:1      | Reached XP level 3. HP: 29/30 MP: 3/3
  1020 | D:2      | Reached XP level 4. HP: 37/37 MP: 4/4
  1289 | D:2      | Found a blossoming altar of Fedhas.
  1727 | D:3      | Reached skill level 4 in Armour
  1727 | D:3      | Reached XP level 5. HP: 33/42 MP: 5/5
  2213 | D:3      | Reached XP level 6. HP: 48/48 MP: 6/6
  3176 | D:4      | Found a staircase to the Ecumenical Temple.
  3219 | Temple   | Entered the Ecumenical Temple
  3296 | Temple   | Became a worshipper of Zin the Law-Giver
  3296 | Temple   | Reached * piety under Zin
  3709 | D:4      | Reached XP level 7. HP: 19/54 MP: 7/7
  3923 | D:4      | Reached ** piety under Zin
  4091 | D:4      | Reached skill level 5 in Armour
  4252 | D:4      | Reached skill level 1 in Invocations
  4484 | D:5      | Entered Level 5 of the Dungeon
  4552 | D:5      | Noticed Ijyb
  4554 | D:5      | HP: 1/54 [acid (13)]
  4560 | D:5      | Splashed by Ijyb's acid

Illustrated notes

Levels and vault maps discovered:
D:1:      minmay_arrival_arboretum_small, layout_rooms, minmay_lizard_pond
D:2:      layout_loops_cross, fedhas_ov_isle_minmay
D:3:      layout_basic
D:4:      layout_basic, temple_statues, kennysheep_generic_room_10
D:5:      layout_loops_cross, elyvilon_altar_1, uniq_ijyb, uniq_blork_the_orc,
          uniq_grinder, uniq_duvessa
Temple:   minmay_crystal_spiral_temple

Skill      XL: |  1  2  3  4  5  6  7 |
---------------+----------------------+-----
Shields        | 4 |  4.7
Axes           | 3 4 |  4.7
Armour         | 4 5 |  5.0
Fighting       | 4 |  4.2
Invocations    | 1 |  1.5
Throwing       | |  0.9
Dodging        | |  0.8
Stealth        | |  0.2

Action                   |  1- 3 |  4- 6 |  7- 9 || total
-------------------------+-------+-------+-------++-------
Melee: War axe           |   108 |    29 |       ||   137
       Battleaxe         |       |   106 |    26 ||   132
Throw: Javelin           |       |    10 |       ||    10
       Boomerang         |       |     9 |     2 ||    11
       Throwing net      |       |       |     1 ||     1
Invok: Recite            |       |     1 |       ||     1
 Abil: Dig               |     1 |     2 |       ||     3
  Use: Scroll            |       |     7 |     3 ||    10
       Potion            |       |     1 |     1 ||     2
Armor: Scale mail        |    43 |    38 |       ||    81
       Ring mail         |       |    14 |     5 ||    19
Dodge: Dodged            |    44 |    68 |     6 ||   118
Block: Kite shield       |    56 |    83 |     8 ||   147
